 Dungeon Crawl Stone Soup version 0.29-a0-284-gf9362112df (webtiles) character file.

Game seed: 10916294424303383820

331 spaghetti the Magician (level 6, -7/36 HPs)
             Began as an Octopode Earth Elementalist on Mar 22, 2022.
             Was a Priest of Jiyva.
             Mangled by Duvessa
             ... wielding a +0 rapier
              (16 damage)
             ... on level 4 of the Dungeon.
             The game lasted 00:07:05 (3529 turns).

spaghetti the Magician (OpEE)                       Turns: 3529, Time: 00:07:05

Health: -7/36      AC:  1    Str:  8    XL:     6   Next: 52%
Magic:  12/14      EV: 13    Int: 17    God:    Jiyva [***...]
Gold:   110        SH:  3    Dex: 14    Spells: 13/16 levels left

rFire   . . .      SeeInvis .   d - +3 rapier {short}
rCold   . . .      Faith    .   i - +0 buckler
rNeg    . . .      Spirit   .   (helmet restricted)
rPois   .          Reflect  .   (no amulet)
rElec   .          Harm     .   (no ring)
rCorr   +          Rampage  .   (no ring)
Will    .....                   (no ring)
Stlth   +++.......              (no ring)
HPRegen 1.24/turn               (no ring)
MPRegen 0.49/turn               (no ring)
                                (no ring)
                                (no ring)

@: brilliant, calling ooze
A: almost no armour, amphibious, 8 rings, camouflage 1, gelatinous body 1,
(nimble swimmer 1), tentacles, pseudopods 3, jelly sensing items
a: Renounce Religion, Oozemancy


You were on level 4 of the Dungeon.
You worshipped Jiyva.
Jiyva was most pleased with you.
You visited 1 branch of the dungeon, and saw 4 of its levels.
You also visited: Sewer.

You collected 110 gold pieces.


Innate Abilities, Weirdness & Mutations

You cannot wear most types of armour.
You are amphibious.
You can wear up to eight rings at the same time.
Your skin changes colour to match your surroundings (Stealth+).
Your rubbery body absorbs attacks. (AC +1, EV +1)
((You are camouflaged when in or above water. (Stealth+)))
You have tentacles for arms and can constrict up to eight enemies at once.
Armour fits poorly on your massive pseudopods.
You have a small jelly attached to you that senses nearby items.


   Skills:
 - Level 2.0 Dodging
 - Level 3.8 Stealth
 + Level 5.9 Spellcasting
 - Level 1.0 Transmutations
 - Level 3.0 Earth Magic


You had 13 spell levels left.
You knew the following spells:

 Your Spells              Type           Power      Damage    Failure   Level
a - Sandblast             Erth           44%        2d11      5%          1
b - Passwall              Tmut/Erth      14%        N/A       12%         2

Your spell library contained the following spells:

 Spells                   Type           Power      Damage    Failure   Level
 Sublimation of Blood     Necr           7%         N/A       26%         2
 Stone Arrow              Conj/Erth      30%        3d8       28%         3
 Vampiric Draining        Necr           7%         2d6       47%         3
 Petrify                  Tmut/Erth      17%        N/A       61%         4
 Haunt                    Necr/Summ      3%         N/A       100%        7
 Infestation              Necr           3%         N/A       100%        8

Inventory:

Hand Weapons
 d - a +3 rapier (weapon) {short}
   (You found it on level 1 of the Dungeon)
Missiles
 a - 87 stones {throwing}
 k - 10 poisoned darts {throwing}
Armour
 i - a +0 buckler (worn)
   (You found it on level 2 of the Dungeon)
Scrolls
 c - 2 scrolls of noise {!r}
 f - a scroll of amnesia
Potions
 b - a potion of magic
 l - 5 potions of flight

Dungeon Overview and Level Annotations

Branches:
Dungeon (4/15)              Sewer (visited)
 Temple: D:4-7

Altars:
Jiyva

Shops:
D:2 [

Annotations:
D:4 Duvessa

#...รท.......
#..ยง/.......
#..........###
#..#.....##...
.........e#...##
...o###.###..#..#...
....###.#...........
#.#.#.....##)# ....
.........##@e##.....
...........[[.).....
............[##.....
............[.......
.........โ€
..........
........<)..........
........)...........
..........###....##
...#.....## #.....


You could see Duvessa (berserk).


Message History

๐Ÿ˜• HP[-2]
You take 2 damage, and now have 30/36 hp.
You barely miss the adder. You squeeze the adder.
You kill the adder! ๐Ÿ˜• HP[+1] No target in view!
No target in view!
No target in view!
No target in view!
No target in view!
No target in view!
No target in view!
No target in view!
No target in view!
No target in view!
No target in view!
No target in view!
No target in view!
No target in view!
Things that are here:
a +0 club {mace}; an adder corpse; ๐Ÿ˜• HP[+1]
Things that are here:
a +0 hand axe {axe}; a hobgoblin corpse; ๐Ÿ˜Ž HP[+4]
Your hp is fully restored (36).
a - 87 stones {throwing} (gained 11)
There is a stone staircase leading up, spattered with blood here.
You see here a ball python corpse.
Things that are here:
a +0 robe; a +0 dagger {short}; an orc skeleton Duvessa shouts!
Things that are here:
a +0 robe; a +0 dagger {short} Duvessa is nearby!
Duvessa is nearby!
You hit Duvessa. Your grab misses Duvessa. Your squeeze misses Duvessa.
Duvessa hits you with a +0 rapier.
Duvessa zaps a wand.
You resist with some effort.
The now-empty wand crumbles to dust. ๐Ÿ˜• HP[-5]
You take 5 damage, and now have 31/36 hp. ๐Ÿ˜• HP[+2]
You regained 2 hp, and now have 33/36 hp.
You closely miss Duvessa. You grab Duvessa.
You tentacle-slap Duvessa, but do no damage.
Your bludgeon misses Duvessa.
You constrict Duvessa, but do no damage.
Duvessa misses you. ๐Ÿ˜• HP[+1]
You hit Duvessa. You squeeze Duvessa, but do no damage. You constrict Duvessa.
Duvessa escapes! ๐Ÿ˜Ž HP[+2]
Your hp is fully restored (36).
You hit Duvessa but do no damage. You grab Duvessa. You constrict Duvessa.
Duvessa hits you with a +0 rapier! ๐Ÿ˜• HP[-7]
You take 7 damage, and now have 29/36 hp.
You hit Duvessa.
You constrict Duvessa, but do no damage.
Duvessa misses you.
Duvessa hits you with a +0 rapier! ๐Ÿ˜ฎ HP[-6]
You take 6 damage, and now have 23/36 hp.
You barely miss Dowan. Your grab misses Dowan. Your squeeze misses Dowan.
You constrict Duvessa. Dowan hits you with a +0 dagger.
Duvessa completely misses you. Dowan closely misses you. ๐Ÿ˜ฎ HP[-3]
You take 3 damage, and now have 20/36 hp.
You barely miss Dowan. Your grab misses Dowan. You squeeze Dowan!
You constrict Duvessa, but do no damage.
Duvessa hits you with a +0 rapier.
* * * LOW HITPOINT WARNING * * *
You block Dowan's attack. ๐Ÿ˜จ HP[-4]
You take 4 damage, and now have 16/36 hp.
It was a potion of brilliance.
You feel clever all of a sudden.
You constrict Duvessa. You block Duvessa's attack.
Dowan points at you and mumbles some strange words.
You resist with some effort. ๐Ÿ˜จ HP[+1] Unknown command.
Activating: Oozemancy (19% risk of failure)
Press: ? - help, Dir - look around, f - activate Slime begins to ooze from the nearby walls!
You constrict Duvessa, but do no damage.
The walls burn Duvessa!
Duvessa hits you with a +0 rapier!
* * * LOW HITPOINT WARNING * * *
The walls burn Dowan!
Dowan points at you and mumbles some strange words.
The puff of flame misses you. ๐Ÿ˜ฑ HP[-10] MP[-3]
You take 10 damage, and now have 7/36 hp.
MASSIVE DAMAGE!! (PAUSE)
You lost 3 mp, and now have 11/14 mp.
You puncture Dowan!
You kill Dowan!
Duvessa weeps, and shakes her weapon.
Duvessa goes berserk!
You constrict Duvessa.
The walls burn Duvessa!
Duvessa hits you with a +0 rapier!
You die...

Skill      XL: |  1  2  3  4  5 |
---------------+----------------+-----
Stealth        | 3 |  3.8
Spellcasting   | 3 4 5 |  5.9
Dodging        | |  2.0
Transmutations | |  1.0
Earth Magic    | |  3.0

Action                   |  1- 3 |  4- 6 || total
-------------------------+-------+-------++-------
Melee: Rapier            |    25 |    80 ||   105
       Tentacles         |     1 |    16 ||    17
       Constrict         |     4 |    27 ||    31
       Pseudopods        |       |    12 ||    12
       Punch             |       |     2 ||     2
 Cast: Sandblast         |    18 |    22 ||    40
Invok: Oozemancy         |       |     3 ||     3
  Use: Potion            |       |     4 ||     4
       Scroll            |       |     8 ||     8
 Stab: Sleeping          |     2 |     2 ||     4
Armor: Skin              |     1 |    14 ||    15
Dodge: Dodged            |    25 |    91 ||   116
Block: Buckler           |       |    22 ||    22

Levels and vault maps discovered:
D:1:      amcnicky_arrival_abandoned_market, layout_loops_corners,
          chequers_ecumenical_altar_twisty, chequers_serial_rivers_micro_c,
          chequers_big_river, corexii_item_surrounded_by_moat
D:2:      layout_basic, serial_shops, shop, nicolae_grassy_gnolls
D:3:      layout_basic, portal_sewer_entry_f, roderic_lattice_a
D:4:      layout_rooms, serial_curves, eino_curves_01, eino_curves_01,
          eino_curves_01, uniq_robin, uniq_duvessa

Notes
Turn   | Place    | Note
-------+----------+-------------------------------------------
     0 | D:1      | spaghetti the Octopode Earth Elementalist began the quest
                  | for the Orb.
     0 | D:1      | Reached XP level 1. HP: 11/11 MP: 3/3
     0 | D:1      | magus.rc [v1.9.6]
    60 | D:1      | Reached skill level 3 in Stealth
   458 | D:1      | Found a faded altar of an unknown god.
   510 | D:1      | Reached XP level 2. HP: 17/17 MP: 5/5
   534 | D:1      | Prayed at the altar of an unknown god.
   534 | D:1      | Became a worshipper of Jiyva Junkyap the Shapeless
   534 | D:1      | Reached * piety under Jiyva
   996 | D:2      | Reached XP level 3. HP: 21/21 MP: 5/7
  1059 | D:2      | Reached ** piety under Jiyva
  1200 | D:2      | Reached skill level 3 in Spellcasting
  1232 | D:2      | Reached XP level 4. HP: 21/27 MP: 4/9
  1303 | D:2      | Found Wopseeci's Antique Armour Boutique.
  1675 | D:2      | Reached *** piety under Jiyva
  1869 | D:3      | Found a glowing drain.
  1884 | Sewer    | Entered a sewer
  1885 | Sewer    | Gained mutation: You have a small jelly attached to you
                  | that senses nearby items. [Jiyva's grace]
  1885 | Sewer    | Gained mutation: Armour fits poorly on your pseudopods.
                  | [Jiyva's grace]
  1885 | Sewer    | Gained mutation: Armour fits poorly on your large
                  | pseudopods. [Jiyva's grace]
  1885 | Sewer    | Gained mutation: Armour fits poorly on your massive
                  | pseudopods. [Jiyva's grace]
  2065 | Sewer    | HP: 4/27 [river rat (7)]
  2067 | Sewer    | Reached skill level 4 in Spellcasting
  2120 | Sewer    | HP: 6/27 [constriction (1)]
  2123 | Sewer    | Reached XP level 5. HP: 7/31 MP: 8/11
  2756 | D:3      | You add the spells Sublimation of Blood, Vampiric Draining,
                  | Haunt and Infestation to your library.
  2756 | D:3      | Got Sif Muna's Catalogue of Evil
  3140 | D:4      | Reached **** piety under Jiyva
  3144 | D:4      | Noticed Duvessa
  3144 | D:4      | Noticed Dowan
  3208 | D:4      | HP: 6/31 [orc wizard/+0 dagger (5)]
  3208 | D:4      | HP: 2/31 [orc wizard/+0 dagger (4)]
  3209 | D:4      | Reached skill level 5 in Spellcasting
  3211 | D:4      | Reached XP level 6. HP: 5/36 MP: 10/14
  3311 | D:4      | Noticed Robin
  3424 | D:3      | Learned a level 2 spell: Passwall
  3436 | D:3      | Killed Robin
  3528 | D:4      | HP: 7/36 [Duvessa/+0 rapier (11)]
  3529 | D:4      | Killed Dowan
  3529 | D:4      | Mangled by Duvessa

Vanquished Creatures
  Dowan (D:4)
  2 orc priests (D:4)
  2 orc wizards (D:4)
  Robin (D:3)
  6 gnolls
  6 adders
  4 river rats (Sewer)
  A shadow imp (D:3)
  A dart slug (D:1)
  2 orcs
  2 endoplasms (D:1)
  5 giant cockroaches
  8 goblins
  3 hobgoblins
  5 jackals
  4 quokkas
  12 ball pythons
  9 bats
  3 frilled lizards
  2 kobolds
  4 rats
83 creatures vanquished.

Vanquished Creatures (others)
  3 jellies
  A gnoll (D:2)
  A river rat (Sewer)
  An adder (Sewer)
  A worm (Sewer)
  4 bats
  An endoplasm (D:2)
  2 giant cockroaches (Sewer)
  A goblin (D:3)
  2 hobgoblins (D:3)
  2 jackals
  2 kobolds (D:3)
  A quokka (Sewer)
  A ball python (D:3)
  A frilled lizard (Sewer)
  19 plants (D:2)
43 creatures vanquished.

Grand Total: 126 creatures vanquished

Table legend:
 A = Non-vault XP
 B = Vault XP
 C = Vault XP percentage of total XP
 D = Non-vault monster count
 E = Vault monster count
 F = Vault count percentage of total count
                 A         B        C        D         E       F
            +---------+---------+-------+---------+---------+-------
      Total |     317 |     226 |  41.6 |      40 |      43 |  51.8
            +---------+---------+-------+---------+---------+-------
        D:1 |      21 |       0 |   0.0 |      13 |       0 |   0.0
        D:2 |      34 |      37 |  52.1 |       9 |       3 |  25.0
        D:3 |      17 |      39 |  69.6 |       5 |      13 |  72.2
        D:4 |     245 |      73 |  23.0 |      13 |       3 |  18.8
      Sewer |       0 |      77 | 100.0 |       0 |      24 | 100.0
            +---------+---------+-------+---------+---------+-------

Illustrated notes

Table legend:
 A = Kills in this place as a percentage of kills in entire the game.
 B = Kills by you in this place as a percentage of kills by you in the entire game.
 C = Kills by friends in this place as a percentage of kills by friends in the entire game.
 D = Other kills in this place as a percentage of other kills in the entire game.
 E = Experience gained in this place as a percentage of experience gained in the entire game.
 F = Experience gained in this place divided by the number of levels of this place that you have seen.
                   A       B       C       D       E      F
               +-------+-------+-------+-------+-------+----------------------
         Total | 100.0 | 100.0 |   N/A |   N/A | 100.0 | 108.6
       Dungeon |  71.1 |  71.1 |   N/A |   N/A |  85.8 | 116.5
         Sewer |  28.9 |  28.9 |   N/A |   N/A |  14.2 |  77.0
               +-------+-------+-------+-------+-------+----------------------

Table legend: (Time is in decaauts)
 A = Elapsed time spent in this place.
 B = Non-inter-level travel time spent in this place.
 C = Inter-level travel time spent in this place.
 D = Time resting spent in this place.
 E = Time spent auto-exploring this place.
 F = Levels seen in this place.
 G = Mean time per level.
                   A        B        C        D        E       F      G
               +--------+--------+--------+--------+--------+-----+--------+
         Total |   3536 |   3409 |    127 |    325 |   2525 |   5 |  707.2 |
       Dungeon |   3069 |   2942 |    127 |    306 |   2230 |   4 |  767.2 |
         Sewer |    467 |    467 |      0 |     19 |    295 |   1 |  467.0 |
               +--------+--------+--------+--------+--------+-----+--------+

Top non-repeatable levels by time:
     D:3: 1081 daAuts
     D:2: 938 daAuts
     D:1: 932 daAuts
   Sewer: 467 daAuts
     D:4: 117 daAuts
